 Dungeon Crawl Stone Soup version 0.29.1-15-g9cfb28693d (webtiles) character file.

Game seed: 8869226727004982361

145195 Smoke131 the Warrior (level 17, -2/184 HPs)
             Began as an Ogre Gladiator on Mar 7, 2023.
             Was an Initiate of Gozag.
             Slain by a deep elf blademaster
             ... wielding a +0 rapier
              (8 damage)
             ... on level 2 of the Elven Halls.
             The game lasted 01:58:41 (49164 turns).

Smoke131 the Warrior (Ogre Gladiator)              Turns: 49164, Time: 01:58:42

Health: -2/184     AC: 11    Str: 34    XL:     17   Next: 41%
Magic:  17/17      EV:  8    Int:  9    God:    Gozag
Gold:   1552       SH: 24    Dex: 10    Spells: 16/16 levels left

rFire   + + .      SeeInvis +   K - +10 spear "Grum" {protect, rElec rN+ SInv}
rCold   + . .      Faith    .   m - +2 tower shield
rNeg    + + .      Spirit   .   O - +0 acid dragon scales
rPois   +          Reflect  +   c - +1 hat
rElec   +          Harm     .   q - scarf {rC+ rF+}
rCorr   +          Rampage  .   (gloves unavailable)
Will    +....                   (boots unavailable)
Stlth   +.........              D - amulet of reflection
HPRegen 0.40/turn               M - ring of Foolhardiness {rElec rPois rN+ Str+6}
MPRegen 0.15/turn               o - ring of protection from fire

@: invisible (expiring), unable to read
A: large, unfitting armour, tough skin 1, inability to read after injury 1
a: Renounce Religion, Potion Petition, Call Merchant, Bribe Branch


You were on level 2 of the Elven Halls.
You worshipped Gozag.
Gozag was most pleased with you.
You visited 5 branches of the dungeon, and saw 25 of its levels.
You also visited: Ice Cave and Volcano.

You collected 9124 gold pieces.
You spent 2350 gold pieces at shops.
You paid 5222 gold pieces to Gozag.

Inventory:

Hand Weapons
 K - the +10 spear "Grum" (weapon) {protect, rElec rN+ SInv}
   (You bought it in a shop on level 2 of the Orcish Mines)

   It grants its wielder temporary protection when it strikes (+7 to AC).
   rElec:     It insulates you from electricity.
   rN:        It protects you from negative energy.
   SInv:      It lets you see invisible.
 L - a +2 demon trident of venom
Missiles
 b - a curare-tipped dart
 d - 6 throwing nets
 w - 8 boomerangs
 y - 2 datura-tipped darts
 B - 73 poisoned darts
 H - 2 atropa-tipped darts
 P - 3 silver javelins
 Q - 4 large rocks (quivered)
 U - 7 javelins
Armour
 c - a +1 hat (worn)
 m - a +2 tower shield (worn)
 q - a scarf of resistance (worn)
 O - +0 acid dragon scales (worn)
Jewellery
 o - a ring of protection from fire (right hand)
 D - an amulet of reflection (around neck)
 E - a ring of flight
 F - a ring of protection from cold
 M - the ring of Foolhardiness (left hand) {rElec rPois rN+ Str+6}
   (You bought it in a shop on level 9 of the Dungeon)

   [ring of positive energy]

   Str:       It affects your strength (+6).
   rElec:     It insulates you from electricity.
   rPois:     It protects you from poison.
   rN:        It protects you from negative energy.
Wands
 h - a wand of polymorph (13)
 k - a wand of flame (45)
 n - a wand of acid (16)
 x - a wand of roots (8)
 N - a wand of mindburst (4)
 Y - a wand of digging (14)
 Z - a wand of paralysis (15)
Scrolls
 a - 3 scrolls of fear
 e - 4 scrolls of summoning
 f - 2 scrolls of enchant weapon
 l - 6 scrolls of fog
 p - a scroll of enchant armour
 s - 3 scrolls of teleportation
 t - 2 scrolls of blinking
 G - 3 scrolls of amnesia
 I - a scroll of identify
 S - 4 scrolls of immolation
 T - 2 scrolls of silence
 V - 5 scrolls of magic mapping
 X - 4 scrolls of poison
Potions
 i - a potion of might
 j - a potion of haste
 r - 5 potions of curing
 u - 2 potions of cancellation
 v - 3 potions of ambrosia
 z - 5 potions of lignification
 A - 5 potions of brilliance
 C - 6 potions of mutation
 J - 6 potions of flight
 R - 2 potions of resistance
 W - 2 potions of heal wounds


   Skills:
 - Level 15.0 Fighting
 + Level 14.4 Polearms
 + Level 14.5 Throwing
 + Level 13.3 Armour
 - Level 3.0 Dodging
 + Level 14.4 Shields


You had 16 spell levels left.
You didn't know any spells.
Your spell library contained the following spells:

 Spells                   Type           Power      Damage    Failure   Level
 Apportation              Tloc           0%         N/A       78%         1
 Beastly Appendage        Tmut           0%         N/A       78%         1
 Freeze                   Ice            0%         1d3       78%         1
 Magic Dart               Conj           0%         1d3       78%         1
 Sandblast                Erth           0%         2d4       78%         1
 Poisonous Vapours        Pois/Air       0%         N/A       89%         2
 Scorch                   Fire           0%         2d5       89%         2
 Searing Ray              Conj           0%         2d4       89%         2
 Sublimation of Blood     Necr           0%         N/A       89%         2
 Wereblood                Tmut           0%         N/A       89%         2
 Confusing Touch          Hex            0%         N/A       98%         3
 Dazzling Flash           Conj/Hex       0%         N/A       98%         3
 Ignite Poison            Fire/Tmut/Pois 0%         N/A       98%         3
 Inner Flame              Hex/Fire       0%         N/A       98%         3
 Mephitic Cloud           Conj/Pois/Air  0%         N/A       98%         3
 Airstrike                Air            0%         2d(0-16)  100%        4
 Cause Fear               Hex            0%         N/A       100%        4
 Dispel Undead            Necr           0%         3d6       100%        4
 Fulminant Prism          Conj/Hex       0%         3d6       100%        4
 Hailstorm                Conj/Ice       0%         3d3       100%        4
 Ice Form                 Ice/Tmut       0%         N/A       100%        4
 Leda's Liquefaction      Hex/Erth       0%         N/A       100%        4
 Summon Ice Beast         Ice/Summ       0%         N/A       100%        4
 Summon Lightning Spire   Summ/Air       0%         N/A       100%        4
 Agony                    Necr           0%         N/A       100%        5
 Alistair's Intoxication  Tmut/Pois      0%         N/A       100%        5
 Fireball                 Conj/Fire      0%         3d3       100%        5
 Irradiate                Conj/Tmut      0%         3d11      100%        5
 Iskenderun's Battlesphe  Conj           0%         2d6       100%        5
 Lightning Bolt           Conj/Air       0%         1d11      100%        5
 Silence                  Hex/Air        0%         N/A       100%        5
 Summon Forest            Summ/Tloc      0%         N/A       100%        5
 Summon Mana Viper        Hex/Summ       0%         N/A       100%        5
 Yara's Violent Unravell  Hex/Tmut       0%         3d3       100%        5
 Conjure Ball Lightning   Conj/Air       0%         3x3d6     100%        6
 Death Channel            Necr           0%         N/A       100%        6
 Statue Form              Tmut/Erth      0%         N/A       100%        6
 Summon Cactus Giant      Summ           0%         N/A       100%        6
 Enfeeble                 Hex            0%         N/A       100%        7
 Orb of Destruction       Conj           0%         9d5       100%        7
 Storm Form               Tmut/Air       0%         N/A       100%        7
 Summon Hydra             Summ           0%         N/A       100%        7
 Discord                  Hex            0%         N/A       100%        8
 Corpse Rot               Necr/Pois/Air  Unusable   N/A       N/A         4
 Simulacrum               Ice/Necr       Unusable   N/A       N/A         6

Dungeon Overview and Level Annotations

Branches:
Dungeon (15/15)            Temple (1/1) D:5            Lair (5/5) D:9
  Swamp (0/4) Lair:3       Spider (0/4) Lair:3        Slime (0/5) Lair:4
    Orc (2/2) D:10            Elf (2/3) Orc:2        Vaults (0/5) D:13
 Depths (0/4) D:15          IceCv (visited)         Volcano (visited)

Altars:
Ashenzari
Cheibriados
Dithmenos
Elyvilon
Fedhas
Gozag
Hepliaklqana
Kikubaaqudgha
Makhleb
Nemelex Xobeh
Okawaru
Qazlal
Ru
Sif Muna
Trog
Uskayaw
Vehumet
Wu Jian
Xom
Yredelemnul
Zin
The Shining One
Jiyva

Shops:
D:6 =   D:9 (=[[   Orc:2 ?*(:   Elf:1 ?   Elf:2 (

Portals:
Pandemonium: Orc:2
Trove: D:14 (give 11 potions of heal wounds)

Annotations:
D:14 3 runed translucent doors, Etiptid's ghost, journeyman TrHu
Orc:2 2 transporters, Smoke131's ghost, journeyman DrFE
Elf:1 3 runed translucent doors, hawkwood's ghost, adept MiAr


Innate Abilities, Weirdness & Mutations

You are too large for most types of armour.
You have tough skin. (AC +1)
You occasionally lose the ability to read scrolls when taking damage.


Message History

The deep elf blademaster hits you with a +0 rapier!!
You feel threatened and lose the ability to read scrolls!
* * * LOW HITPOINT WARNING * * *
You block the deep elf blademaster's attack.
The deep elf blademaster hits you with a +0 rapier!
* * * LOW HITPOINT WARNING * * *
Throw: 6 large rocks
Press: ? - help, Q - select action, (/) - cycle Shift-Dir - straight line, f/p - deep elf blademaster
Aim: a deep elf blademaster, wielding two +0 rapiers and wearing a +0 leather armour (almost dead, unable to see you, 31% to hit)
You throw a large rock.
The large rock barely misses the deep elf blademaster.
The large rock closely misses the +2 vampiric triple sword.
The deep elf blademaster closely misses you.
You block the deep elf blademaster's attack.
The deep elf blademaster hits you with a +0 rapier.
* * * LOW HITPOINT WARNING * * *
You block the deep elf blademaster's attack.
A deep elf knight comes into view. It is wielding a +0 scimitar.
Throw: 5 large rocks
Press: ? - help, Q - select action, (/) - cycle Shift-Dir - straight line, f/p - deep elf blademaster
Aim: a deep elf blademaster, wielding two +0 rapiers and wearing a +0 leather armour (almost dead, unable to see you, 31% to hit)
You throw a large rock.
The large rock misses the deep elf blademaster.
The large rock closely misses the +2 vampiric triple sword.
The large rock misses the deep elf knight.
The deep elf knight shouts!
You block the deep elf blademaster's attack. x2
The deep elf blademaster hits you with a +0 rapier.
* * * LOW HITPOINT WARNING * * *
The deep elf blademaster hits you with a +0 rapier!
* * * LOW HITPOINT WARNING * * *
You cannot read scrolls in your current state!
You flicker for a moment.
You block the deep elf blademaster's attack.
The deep elf blademaster closely misses you.
The deep elf blademaster hits you with a +0 rapier!!
* * * LOW HITPOINT WARNING * * *
The deep elf blademaster hits you with a +0 rapier!
You die...
Your body crumbles into a pile of gold.

**...##....(###.....##...##...##.
**#.**##.#.'(#)'.#.####.####.####
*** #####e))##### ### ### #
##'''## #### ###.....### ...#
##.........## ...## #...........#
....# ##........e..##
....###.........@...#
.....##.............#
....###.............# ....#
#.............# ...##
#.............# ...#
##...........## #'###
#...........# ....##
##.........## .....## ###.....###


You could see a deep elf blademaster (unable to see you) and a deep elf knight
(unable to see you).

Vanquished Creatures
  Roxanne (D:14)
  A frost giant (IceCv)
  A deep elf sorcerer (Elf:1)
  A deep elf elementalist (Elf:1)
  A very ugly thing (D:15)
  Azrael (D:14)
  Snorg (D:14)
  A fire dragon (D:14)
  A deep elf high priest (Elf:1)
  3 rakshasas (D:15)
  A boulder beetle (D:12)
  A great orb of eyes (D:15)
  A vault guard (D:13)
  4 hydras
  Fannar (D:11)
  A death knight (D:15)
  2 demonspawn (Orc:2)
  4 centaur warriors
  12 dancing weapons
  8 death yaks
  4 two-headed ogres
  Urug (D:13)
  A deep troll earth mage (Elf:1)
  3 orc high priests (Orc:2)
  A hell knight (Volcano)
  A sun demon (Orc:2)
  12 deep elf knights
  4 skeletal warriors
  A wizard (D:14)
  2 deep elf archers (Elf:1)
  3 phantasmal warriors (D:15)
  A lindwurm (Lair:4)
  7 orc knights
  17 deep elf pyromancers
  20 deep elf zephyrmancers
  11 orc sorcerers
  5 cyclopes
  10 ugly things
  3 manticores
  Maurice (D:8)
  An ice statue (IceCv)
  Joseph (D:8)
  5 black mambas
  A smoke demon (Volcano)
  10 elephants (Lair:1)
  3 gargoyles
  Maggie (D:8)
  9 cane toads
  A torpor snail (Lair:3)
  A freezing wraith (D:12)
  13 komodo dragons
  4 rime drakes
  5 red devils
  3 trolls
  A wolf spider simulacrum (D:14)
  21 polar bears
  A meliai (D:12)
  16 slime creatures
  4 hornets
  2 tyrant leeches (Lair:3)
  11 blink frogs
  2 air elementals
  A centaur simulacrum (D:15)
  5 culicivoras (Lair:3)
  2 water elementals
  2 wraiths
  9 spriggans (Lair:5)
  5 basilisks
  83 yaks
  A shadow (D:12)
  6 fire elementals
  A golden eye (shapeshifter) (D:15)
  8 wyverns
  6 fire bats (Volcano)
  3 steam dragons
  22 vampire mosquitoes
  2 chaos spawn (Orc:2)
  2 swamp worms (Lair:3)
  2 wargs
  3 acid dragons
  2 hell hounds (Volcano)
  An acid dragon (shapeshifter) (D:15)
  14 water moccasins
  38 orc warriors
  4 black bears
  A sky beast (D:6)
  A boggart (shapeshifter) (D:13)
  7 ogres
  39 wolves
  8 boggarts
  4 centaurs
  2 phantoms
  5 kobold brigands
  8 bullfrogs
  An earth elemental (Elf:1)
  4 scorpions (D:5)
  17 wights
  9 jellies
  9 killer bees
  8 howler monkeys
  8 lava snakes (Volcano)
  31 orc priests
  3 gnoll boudas
  A hound (D:4)
  Natasha (thrice) (D:2)
  11 iguanas
  24 orc wizards
  21 gnolls
  10 adders
  15 white imps
  2 ufetubi
  A worm (D:2)
  A dart slug (D:1)
  101 orcs
  6 ball pythons
  3 bats
  12 endoplasms
  4 giant cockroaches
  7 goblins
  7 hobgoblins
  10 jackals
  27 kobolds
  4 quokkas
  4 frilled lizards
  4 rats
936 creatures vanquished.

Vanquished Creatures (others)
  2 deep elf knights (Elf:2)
  A deep elf pyromancer (Elf:1)
  A water elemental (Elf:1)
  2 orc wizards (D:7)
  An orc (Orc:1)
  43 fungi
  36 plants
86 creatures vanquished.

Grand Total: 1022 creatures vanquished

Notes
Turn   | Place    | Note
-------+----------+-------------------------------------------
     0 | D:1      | Smoke131 the Ogre Gladiator began the quest for the Orb.
     0 | D:1      | Reached XP level 1. HP: 22/22 MP: 1/1
   204 | D:1      | Reached XP level 2. HP: 13/29 MP: 2/2
   462 | D:1      | Reached skill level 3 in Fighting
  1060 | D:2      | Noticed Natasha
  1066 | D:2      | Noticed a crimson imp
  1067 | D:2      | Noticed a crimson imp
  1068 | D:2      | Killed Natasha
  1069 | D:2      | Reached skill level 1 in Armour
  1069 | D:2      | Reached XP level 3. HP: 24/37 MP: 3/3
  1243 | D:2      | Reached XP level 4. HP: 43/45 MP: 4/4
  1479 | D:2      | Found a faded altar of an unknown god.
  1669 | D:2      | Found a hazy altar of Hepliaklqana.
  1952 | D:2      | Noticed Natasha
  1966 | D:2      | Killed Natasha
  1967 | D:2      | Reached XP level 5. HP: 33/54 MP: 5/5
  2309 | D:2      | Noticed Natasha
  2316 | D:2      | Killed Natasha
  2317 | D:2      | Reached skill level 4 in Fighting
  2837 | D:3      | Found an iron altar of Okawaru.
  2837 | D:3      | You fall into a shaft and drop 2 floors!
  2837 | D:5      | Entered Level 5 of the Dungeon
  3343 | D:3      | Reached XP level 6. HP: 40/63 MP: 6/6
  3467 | D:3      | Identified the +2 ring mail of the Circus Animal {rC++
                  | Will+}
  3523 | D:3      | Reached skill level 1 in Shields
  4572 | D:4      | Reached skill level 5 in Fighting
  4624 | D:4      | Reached XP level 7. HP: 63/72 MP: 7/7
  5406 | D:5      | Found a staircase to the Ecumenical Temple.
  6219 | D:5      | Reached XP level 8. HP: 72/83 MP: 8/8
  6225 | D:5      | Reached skill level 5 in Polearms
  6248 | D:5      | Reached skill level 6 in Fighting
  7472 | D:5      | Reached skill level 5 in Throwing
  7884 | Temple   | Entered the Ecumenical Temple
  8341 | D:5      | Reached skill level 7 in Fighting
  8914 | D:5      | Reached XP level 9. HP: 64/93 MP: 6/9
  9592 | D:6      | Found a hazy altar of Hepliaklqana.
 10269 | D:6      | Found Maemasev's Jewellery Shoppe.
 10916 | D:7      | Reached skill level 8 in Fighting
 11298 | D:7      | Reached skill level 5 in Shields
 12159 | D:7      | Reached skill level 5 in Armour
 12189 | D:7      | Reached XP level 10. HP: 42/104 MP: 10/10
 12569 | D:8      | Noticed Maurice
 13078 | D:8      | Noticed Maggie
 13095 | D:8      | Killed Maggie
 13096 | D:8      | Reached skill level 9 in Fighting
 13696 | D:8      | Killed Maurice
 13918 | D:8      | Noticed Joseph
 13929 | D:8      | Killed Joseph
 15508 | D:9      | Found an opulent altar of Gozag.
 15543 | D:9      | Became a worshipper of Gozag Ym Sagoz the Greedy
 15843 | D:9      | Reached skill level 10 in Fighting
 15911 | D:9      | Reached XP level 11. HP: 104/117 MP: 11/11
 16332 | D:9      | Found a staircase to the Lair.
 16433 | D:10     | Entered Level 10 of the Dungeon
 16451 | D:10     | Noticed a two-headed ogre
 16474 | D:10     | Killed a two-headed ogre
 17389 | D:10     | Found a staircase to the Orcish Mines.
 18360 | Lair:1   | Entered Level 1 of the Lair of Beasts
 18891 | Lair:1   | Reached XP level 12. HP: 54/126 MP: 12/12
 20381 | Lair:1   | Reached skill level 10 in Polearms
 20747 | Lair:2   | Identified the +4 quarterstaff of Regicide {vamp, rPois
                  | rN+++ Int-4 SInv}
 20898 | Lair:2   | Reached skill level 10 in Throwing
 21522 | Lair:2   | Reached skill level 10 in Shields
 21760 | Lair:3   | Noticed a death yak
 21766 | Lair:3   | Killed a death yak
 22022 | Lair:3   | Identified the +8 flail "Pyreoxol" {venom, rF++ rN+ Int-2}
 22072 | Lair:3   | Reached XP level 13. HP: 87/133 MP: 13/13
 22219 | Lair:3   | Reached skill level 10 in Armour
 22825 | Lair:3   | Found a staircase to the Swamp.
 23520 | Lair:3   | Found a hole to the Spider Nest.
 24021 | D:9      | Bought the ring of Foolhardiness {rElec rPois rN+ Str+6}
                  | for 508 gold pieces
 24453 | Lair:4   | Found a staircase to the Slime Pits.
 24454 | Lair:4   | Found a viscous altar of Jiyva.
 24480 | Lair:4   | Identified the +0 leather armour of Polish {Str-2 Dex+6}
 24929 | Lair:4   | You fall into a shaft and drop 1 floor!
 24929 | Lair:5   | Entered Level 5 of the Lair of Beasts
 25298 | Lair:5   | Reached skill level 11 in Fighting
 25307 | Lair:5   | Found a dark tunnel.
 25419 | Volcano  | Entered a volcano
 25848 | Volcano  | Found a burning altar of Makhleb.
 25899 | Volcano  | Found a bloodstained altar of Trog.
 26756 | Lair:5   | Reached XP level 14. HP: 70/146 MP: 14/14
 27725 | Lair:5   | Reached skill level 12 in Fighting
 28660 | Lair:5   | Identified the +1 leather armour "Zam Ink" {rC+ Will+ MP+9
                  | SInv}
 29127 | Orc:1    | Entered Level 1 of the Orcish Mines
 30144 | Orc:2    | Entered Level 2 of the Orcish Mines
 30436 | Orc:1    | HP: 6/150 [orc knight/+1 battleaxe of flaming (8)]
 31100 | Orc:2    | Found a staircase to the Elven Halls.
 31124 | Orc:2    | Noticed Smoke131's ghost (journeyman DrFE)
 31126 | Orc:2    | Found a transporter.
 31129 | Orc:2    | Found a transporter.
 31375 | Orc:2    | Found Felueg's Magic Scroll Emporium.
 31385 | Orc:2    | Found Yreammoq's General Store.
 31773 | Orc:2    | Bought a scroll of identify for 30 gold pieces
 31773 | Orc:2    | Bought a scroll of summoning for 142 gold pieces
 31773 | Orc:2    | Bought a scroll of fear for 60 gold pieces
 31773 | Orc:2    | Bought 3 scrolls of blinking for 337 gold pieces
 31773 | Orc:2    | Bought a scroll of enchant weapon for 112 gold pieces
 32652 | Orc:2    | Gained mutation: You occasionally lose the ability to read
                  | scrolls when taking damage. [a neqoxec]
 32733 | Orc:1    | Reached skill level 13 in Fighting
 33567 | Orc:2    | Reached XP level 15. HP: 159/159 MP: 15/15
 34257 | Orc:2    | Found Siudoxopt's Antique Weapon Shop.
 34257 | Orc:2    | Found Cueti's Book Boutique.
 34258 | Orc:2    | Found a one-way gate leading to the halls of Pandemonium.
 34437 | Orc:2    | Bought a potion of heal wounds for 65 gold pieces
 34884 | D:11     | Noticed Fannar
 34918 | D:11     | Killed Fannar
 35541 | D:12     | Found a frozen archway.
 35600 | IceCv    | Entered an ice cave
 36807 | IceCv    | Noticed a frost giant
 36833 | IceCv    | Killed a frost giant
 36862 | IceCv    | Reached skill level 14 in Fighting
 37171 | IceCv    | Got Pepogo Rakhli's Handbook of Imprecation and Ice
 37177 | IceCv    | Identified the +4 chain mail of Pitanil {Int+5}
 37307 | Orc:2    | Bought the +10 spear "Grum" {protect, rElec rN+ SInv} for
                  | 988 gold pieces
 38365 | D:13     | Noticed Urug
 38373 | D:13     | Killed Urug
 39246 | D:13     | Found a gate to the Vaults.
 39415 | D:14     | Identified Roxanne's Volume of Transfiguration
 39415 | D:14     | Noticed Roxanne
 39427 | D:14     | Noticed Etiptid's ghost (journeyman TrHu)
 39431 | D:14     | Killed Roxanne
 39503 | D:14     | Found a runed translucent gate.
 39503 | D:14     | Found a runed translucent gate.
 39503 | D:14     | Found a runed translucent gate.
 39559 | D:14     | Reached XP level 16. HP: 154/174 MP: 16/16
 39656 | D:14     | Noticed Azrael
 39685 | D:14     | Killed Azrael
 40017 | D:14     | Found an ornate altar of the Wu Jian Council.
 40296 | D:14     | Noticed Snorg
 40313 | D:14     | Killed Snorg
 40502 | D:14     | Identified the +2 leather armour of Integrity {Dex+3}
 41026 | D:14     | Found a portal to a secret trove of treasure.
 41164 | D:15     | Entered Level 15 of the Dungeon
 42086 | D:15     | Reached skill level 15 in Fighting
 42480 | D:15     | Paralysed by a great orb of eyes for 2 turns
 43688 | D:15     | Found a sparkling altar of Nemelex Xobeh.
 43692 | D:15     | Identified the +1 kite shield of Divine Compulsion {Rampage
                  | Fly}
 44407 | D:15     | Found a staircase to the Depths.
 44576 | Elf:1    | Entered Level 1 of the Elven Halls
 45067 | Elf:1    | You fall into a shaft and drop 1 floor!
 45073 | Elf:2    | Noticed a deep elf blademaster
 45104 | Elf:2    | Found a runed translucent gate.
 45104 | Elf:2    | Found a runed translucent gate.
 45104 | Elf:2    | Found a runed translucent gate.
 45142 | Elf:1    | Found Ygryl's Magic Scroll Shop.
 45628 | Elf:1    | Bought a scroll of teleportation for 54 gold pieces
 45628 | Elf:1    | Bought a scroll of teleportation for 54 gold pieces
 45742 | Elf:1    | Paralysed by an air elemental for 1 turns
 45797 | Elf:1    | Got Daxye's Book of the Birds
 45804 | Elf:1    | Got the Directory of the Winter
 45815 | Elf:1    | Got the Volume of Ignition
 45822 | Elf:1    | Got the Spellbook of the Mountains
 45843 | Elf:1    | Found a runed translucent gate.
 45843 | Elf:1    | Found a runed translucent gate.
 45843 | Elf:1    | Noticed hawkwood's ghost (adept MiAr)
 45844 | Elf:1    | Found a runed translucent gate.
 46128 | Elf:1    | HP: 5/176 [deep elf archer/arrow (20)]
 46573 | Elf:1    | Reached XP level 17. HP: 145/184 MP: 17/17
 46683 | Elf:1    | Found an ancient bone altar of Kikubaaqudgha.
 47658 | Elf:1    | Identified the +7 plate armour of Virtue {rC++ MP-9 Dex+4}
 48291 | Elf:2    | Identified the +11 sling "Poohuxka" {flame, rC+ Int-2
                  | Dex+5}
 48405 | Elf:2    | Found Kacviepi's Weapon Emporium.
 49164 | Elf:2    | HP: 6/184 [deep elf blademaster/+0 rapier (18)]
 49164 | Elf:2    | Slain by a deep elf blademaster

Illustrated notes

Levels and vault maps discovered:
D:1:      lightli_iron_boxes, layout_basic, st_stairs_13, serial_bayou_pond_e,
          minmay_misc_feat_nine_boxes
D:2:      kennysheep_six_static_rooms, layout_basic,
          hellmonk_ecumenical_altar_zigzags, basic_altar, uniq_natasha
D:3:      layout_basic, lemuel_doored_altar,
          wander_ebering_terrifying_dragon_lair
D:4:      layout_loops_ring, nicolae_elevator_lobby_plus
D:5:      layout_basic, minmay_temple_entry_tees, minmay_joined_circles
D:6:      nicolae_cairo_tiling_very_big, layout_cave_pools,
          mainiacjoe_overflow_surrounded_room, serial_shops, shop
D:7:      layout_basic, hangedman_decor_peaks_small, grunt_ministairs_4
D:8:      layout_loops_ring, uniq_maurice, uniq_joseph, uniq_maggie
D:9:      layout_roguey, nicolae_gozag_seed_capital, erik_lair_dragon,
          roderic_serpentine_path
D:10:     layout_basic, minmay_orc_entry_temple_small
D:11:     layout_roguey, uniq_fannar
D:12:     hangedman_cross_stitches, layout_rooms, portal_ice_cave_entry_imps
D:13:     layout_roguey, david_vaults_5, uniq_urug
D:14:     layout_roguey, nicolae_trove_entry_columns,
          nicolae_wu_jian_wuxing_cycle, maelrawn_ghost_gauntlet_escape,
          uniq_azrael, uniq_snorg, uniq_roxanne
D:15:     gammafunk_enter_depths_forms, layout_grid_maze,
          nemelex_xobeh_ov_fountains_minmay, nicolae_burly_brawl
Temple:   compressed_dpeg_triangle_lava_temple
Lair:1:   layout_roguey, guppyfry_lair_drakes, infiniplex_staircase_pool_2
Lair:2:   layout_long_grid
Lair:3:   layout_loops_ring, minmay_swamp_entry_worms,
          hellmonk_spider_entry_life_and_decay
Lair:4:   layout_long_grid, nicolae_slime_entry_slimehenge,
          kilobyte_rumbling_trees
Lair:5:   minmay_lair_end_enchanted_forest, layout_concentric_octagons,
          nicolae_volcano_entry_hallway
Orc:1:    layout_caves
Orc:2:    pf_orc_diabolical, layout_diamond_mine, basic_altar,
          gammafunk_ghost_arena, special_room
Elf:1:    layout_geoelf_octagon, ebering_ghost_rock_garden, serial_shops, shop,
          basic_altar, kennysheep_underground_church,
          nicolae_elf_elemental_lessons
Elf:2:    elven_hall_of_blades_hangedman_original [nicolae_blade_bullseye],
          layout_geoelf_grid, serial_shops, shop

Skill      XL: |  1  2  3  4  5  6  7  8  9 10 11 12 13 14 15 16 |
---------------+-------------------------------------------------+-----
Fighting       | 3 4 5 7 8 10 11 13 14 15 | 15.0
Armour         | 1 2 3 4 5 6 7 9 10 11 12 13 | 13.3
Dodging        | 3 |  3.0
Throwing       | 3 4 5 6 7 9 10 11 12 13 14 | 14.5
Polearms       | 4 5 6 8 9 10 11 12 14 | 14.4
Shields        | 1 2 4 5 6 8 10 11 12 14 | 14.4

Action                   |  1- 3 |  4- 6 |  7- 9 | 10-12 | 13-15 | 16-18 || total
-------------------------+-------+-------+-------+-------+-------+-------++-------
Melee: Trident           |    66 |   198 |   672 |   664 |  1537 |       ||  3137
       Punch             |     2 |     2 |       |       |       |       ||     4
       Spear             |       |       |       |       |   320 |   832 ||  1152
Throw: Dart              |     3 |    27 |    16 |    85 |    23 |     2 ||   156
       Large rock        |     1 |       |       |     3 |     5 |    48 ||    57
       Throwing net      |       |     1 |       |       |       |     2 ||     3
       Boomerang         |       |     2 |       |    12 |   153 |   118 ||   285
       Javelin           |       |       |       |       |    38 |    20 ||    58
Invok: Call Merchant     |       |       |       |     2 |     2 |       ||     4
       Potion Petition   |       |       |       |       |     1 |     2 ||     3
Evoke: Wand              |       |       |     2 |     2 |     5 |       ||     9
  Use: Scroll            |       |    12 |     2 |    11 |    12 |     8 ||    45
       Potion            |       |       |     5 |     2 |     7 |     1 ||    15
 Stab: Distracted        |       |       |       |     7 |     9 |     2 ||    18
       Paralysed         |       |       |       |     4 |     5 |       ||     9
Armor: Robe              |    18 |    56 |   125 |     2 |       |       ||   201
       Acid dragon scale |       |       |       |   124 |   295 |   102 ||   521
Dodge: Dodged            |    29 |   101 |   163 |    88 |   278 |    90 ||   749
Block: Tower shield      |       |       |   501 |   639 |  1704 |   667 ||  3511
       Reflection        |       |       |     4 |    20 |    45 |    90 ||   159
